 Dungeon Crawl Stone Soup version 0.27.0-1-g7a089689b8 (webtiles) character file.

Game seed: 1560955535112243332

47 mandarbmax the Stinger (level 3, 0/24 HPs)
             Began as a Demonspawn Venom Mage on Aug 1, 2021.
             Succumbed to Sigmund's poison
             ... on level 2 of the Dungeon.
             The game lasted 00:05:42 (1784 turns).

mandarbmax the Stinger (Demonspawn Venom Mage)      Turns: 1784, Time: 00:05:43

Health: 0/24       AC:  3    Str:  8    XL:     3   Next: 48%
Magic:  1/6        EV: 11    Int: 17    God:
Gold:   48         SH:  0    Dex: 13    Spells: 3/6 levels left

rFire    . . .     SeeInvis .   (no weapon)
rCold    . . .     Faith    .   (no shield)
rNeg     . . .     Spirit   .   c - +0 leather armour
rPois    .         Reflect  .   (no helmet)
rElec    .         Harm     .   (no cloak)
rCorr    .         Rampage  .   (no gloves)
Will     .....                  (no boots)
Stlth    ++........             (no amulet)
HPRegen  0.08/turn              (no ring)
MPRegen  0.20/turn              (no ring)

@: lethally poisoned (0 -> -17)
A: magic regeneration, mutation resistance 1
a: no special abilities


You were on level 2 of the Dungeon.
You visited 1 branch of the dungeon, and saw 2 of its levels.

You collected 48 gold pieces.

Inventory:

Armour
 c - a +0 leather armour (worn)
Scrolls
 b - a scroll of torment {unknown}
 f - a scroll of immolation {unknown}
 g - a scroll of teleportation {unknown}
Potions
 d - a potion of resistance


   Skills:
 + Level 0.0 Fighting
 - Level 2.0 Dodging
 - Level 1.7 Stealth
 - Level 2.0 Spellcasting
 - Level 1.0 Transmutations
 - Level 4.4 Poison Magic


You had 3 spell levels left.
You knew the following spells:

 Your Spells              Type           Power      Damage    Failure   Level
a - Sting                 Tmut/Pois      40%        1d5       10%         1
b - Poisonous Vapours     Pois/Air       18%        N/A       17%         2

Your spell library contained the following spells:

 Spells                   Type           Power      Damage    Failure   Level
 Passwall                 Tmut/Erth      2%         N/A       34%         2
 Static Discharge         Conj/Air       1%         N/A       38%         2
 Mephitic Cloud           Conj/Pois/Air  6%         N/A       43%         3
 Swiftness                Air            1%         N/A       63%         3
 Olgreb's Toxic Radiance  Pois           16%        N/A       41%         4
 Lightning Bolt           Conj/Air       0%         1d11      100%        5
 Invisibility             Hex            0%         N/A       100%        6
 Maxwell's Capacitive Co  Air            0%         ∞         100%        8


Dungeon Overview and Level Annotations

Branches:
Dungeon (2/15)

Altars:

Annotations:
D:2 Sigmund


Innate Abilities, Weirdness & Mutations

You regenerate magic rapidly.
You are somewhat resistant to further mutation.


Message History

Casting: Sting (safe; 10% risk of failure)
Confirm with . or Enter, or press ? or * to list all spells.
Aiming: Sting (safe; 10% risk of failure)
Press: ? - help, Shift-Dir - straight line, f/p - Sigmund
Aim: Sigmund, wielding a +1 scythe of venom and wearing a +0 robe (lightly wounded, very poisoned, 68% to hit)
The sting hits Sigmund but does no damage.
Sigmund looks even sicker.
Sigmund is lightly wounded.
Sigmund hits you from afar with a +1 scythe of venom!
You are lethally poisoned!
You feel very sick.
Sigmund smiles chillingly.
Really quaff the potion of mutation?
You feel extremely strange.
You feel genetically stable.
You feel very sick.
Sigmund hits you from afar with a +1 scythe of venom.
You are more poisoned.
Casting: Sting (safe; 10% risk of failure)
Confirm with . or Enter, or press ? or * to list all spells.
Aiming: Sting (safe; 10% risk of failure)
Press: ? - help, Shift-Dir - straight line, f - rat, p - Sigmund
Aim: a rat (71% to hit)
The sting misses Sigmund.
The sting hits the rat.
The rat is poisoned.
The rat is heavily wounded.
* * * LOW HITPOINT WARNING * * *
You feel very sick.
You kill the rat!
Sigmund barely misses you.
Unknown command.
Unknown command.
Casting: Sting (safe; 10% risk of failure)
Confirm with . or Enter, or press ? or * to list all spells.
Aiming: Sting (safe; 10% risk of failure)
Press: ? - help, Shift-Dir - straight line, f - Sigmund
Aim: Sigmund, wielding a +1 scythe of venom and wearing a +0 robe (moderately wounded, very poisoned, 68% to hit)
The sting hits Sigmund but does no damage.
Sigmund looks as sick as possible!
Sigmund is moderately wounded.
You die...

♣..♣♣ ♣♣♣.♣ ♣♣.♣♣♣
♣....♣♣ ♣...♣♣†.♣ ♣.♣♣
♣)♣♣ ..♣ ♣♣@♣♣ ♣♣♣ ♣♣†♣
♣.@♣♣ ♣♣..♣♣♣ ♣♣...♣
♣♣♣.♣ #### ###
###.###### #..# #.#
#...##.#.# #..# #.#
#..###.#.# #..#
######.###..###.#.#
#..#
#.................#####


You could see Sigmund (extremely poisoned).

Vanquished Creatures
  A dart slug (D:1)
  2 bats (D:1)
  5 endoplasms (D:1)
  A giant cockroach (D:1)
  3 goblins (D:1)
  5 hobgoblins
  9 jackals
  2 quokkas (D:2)
  3 ball pythons
  3 kobolds
  4 rats
38 creatures vanquished.

Notes
Turn   | Place    | Note
-------+----------+-------------------------------------------
     0 | D:1      | mandarbmax the Demonspawn Venom Mage began the quest for
                  | the Orb.
     0 | D:1      | Reached XP level 1. HP: 13/13 MP: 3/3
   140 | D:1      | Reached skill level 1 in Transmutations
   421 | D:1      | Gained mutation: You regenerate magic rapidly. [demonic
                  | ancestry]
   421 | D:1      | Reached XP level 2. HP: 13/19 MP: 0/5
   691 | D:1      | Learned a level 2 spell: Poisonous Vapours
  1174 | D:1      | Reached skill level 4 in Poison Magic
  1290 | D:1      | Reached XP level 3. HP: 23/24 MP: 1/6
  1761 | D:2      | Noticed Sigmund
  1782 | D:2      | Gained mutation: You are somewhat resistant to further
                  | mutation. [potion of mutation]
  1784 | D:2      | Succumbed to Sigmund's poison

Illustrated notes

Levels and vault maps discovered:
D:1:      zaba_arrival_water, layout_rooms, serial_co_window_serial,
          co_window_cross_1, co_window_paths_a, co_window_paths_b,
          co_window_paths_a, co_window_paths_b, co_window_corner_a,
          co_window_paths_a, co_window_broadway_b, co_window_paths_c,
          co_window_2corner, co_window_2corner, co_window_2corner,
          co_window_unsneaky_path_c, glass_columns_a, glass_columns_a,
          glass_columns_a
D:2:      kb_forest_paths, layout_loops_ring, uniq_sigmund, uniq_robin

Skill      XL: |  1  2 |
---------------+-------+-----
Dodging        | 2 |  2.0
Transmutations | 1 |  1.0
Poison Magic   | 4 |  4.4
Stealth        | |  1.7
Spellcasting   | |  2.0

Action                   || total
-------------------------++-------
Melee: Unarmed           ||     7
 Cast: Sting             ||    84
       Poisonous Vapours ||     1
  Use: Scroll            ||     2
       Potion            ||     1
Armor: Robe              ||     1
       Leather armour    ||    12
Dodge: Dodged            ||    32
